Workbook

Sheet 取引先明細
B2: 取引先勘定明細書
B3: 無料テンプレート · stokexcel.com — 取引を「データ」シートに入力すると、このシートの明細が自動で埋まります。
B5: 明細書作成日 | C5: =TODAY() | E5: 対象期間 | F5: 01.07.2026 - 31.08.2026
B6: 取引先コード | C6: CR-001 | E6: ページ | F6: 1 / 1
B8: 発行会社
B9: 会社名
B10: 管轄税務署 / 納税者番号
B11: 住所
B12: 担当者 · 電話 · メール
B14: 取引先 — 明細書の送付先企業
B15: 会社名
B16: 管轄税務署 / 納税者番号
B17: 担当者 · 電話 · メール
B19: 残高 (₺)
B20: =IF('データ'!A2="","",'データ'!A2) | C20: =IF('データ'!A2="","",'データ'!C2) | D20: =IF('データ'!A2="","",'データ'!D2) | E20: =IF('データ'!A2="","",'データ'!E2) | F20: =IF('データ'!A2="","",'データ'!F2) | G20: =IF('データ'!A2="","",SUM($E$20:E20)-SUM($F$20:F20))
B21: =IF('データ'!A3="","",'データ'!A3) | C21: =IF('データ'!A3="","",'データ'!C3) | D21: =IF('データ'!A3="","",'データ'!D3) | E21: =IF('データ'!A3="","",'データ'!E3) | F21: =IF('データ'!A3="","",'データ'!F3) | G21: =IF('データ'!A3="","",SUM($E$20:E21)-SUM($F$20:F21))
B22: =IF('データ'!A4="","",'データ'!A4) | C22: =IF('データ'!A4="","",'データ'!C4) | D22: =IF('データ'!A4="","",'データ'!D4) | E22: =IF('データ'!A4="","",'データ'!E4) | F22: =IF('データ'!A4="","",'データ'!F4) | G22: =IF('データ'!A4="","",SUM($E$20:E22)-SUM($F$20:F22))
B23: =IF('データ'!A5="","",'データ'!A5) | C23: =IF('データ'!A5="","",'データ'!C5) | D23: =IF('データ'!A5="","",'データ'!D5) | E23: =IF('データ'!A5="","",'データ'!E5) | F23: =IF('データ'!A5="","",'データ'!F5) | G23: =IF('データ'!A5="","",SUM($E$20:E23)-SUM($F$20:F23))
B24: =IF('データ'!A6="","",'データ'!A6) | C24: =IF('データ'!A6="","",'データ'!C6) | D24: =IF('データ'!A6="","",'データ'!D6) | E24: =IF('データ'!A6="","",'データ'!E6) | F24: =IF('データ'!A6="","",'データ'!F6) | G24: =IF('データ'!A6="","",SUM($E$20:E24)-SUM($F$20:F24))
B25: =IF('データ'!A7="","",'データ'!A7) | C25: =IF('データ'!A7="","",'データ'!C7) | D25: =IF('データ'!A7="","",'データ'!D7) | E25: =IF('データ'!A7="","",'データ'!E7) | F25: =IF('データ'!A7="","",'データ'!F7) | G25: =IF('データ'!A7="","",SUM($E$20:E25)-SUM($F$20:F25))
B26: =IF('データ'!A8="","",'データ'!A8) | C26: =IF('データ'!A8="","",'データ'!C8) | D26: =IF('データ'!A8="","",'データ'!D8) | E26: =IF('データ'!A8="","",'データ'!E8) | F26: =IF('データ'!A8="","",'データ'!F8) | G26: =IF('データ'!A8="","",SUM($E$20:E26)-SUM($F$20:F26))
B27: =IF('データ'!A9="","",'データ'!A9) | C27: =IF('データ'!A9="","",'データ'!C9) | D27: =IF('データ'!A9="","",'データ'!D9) | E27: =IF('データ'!A9="","",'データ'!E9) | F27: =IF('データ'!A9="","",'データ'!F9) | G27: =IF('データ'!A9="","",SUM($E$20:E27)-SUM($F$20:F27))
B28: =IF('データ'!A10="","",'データ'!A10) | C28: =IF('データ'!A10="","",'データ'!C10) | D28: =IF('データ'!A10="","",'データ'!D10) | E28: =IF('データ'!A10="","",'データ'!E10) | F28: =IF('データ'!A10="","",'データ'!F10) | G28: =IF('データ'!A10="","",SUM($E$20:E28)-SUM($F$20:F28))
B29: =IF('データ'!A11="","",'データ'!A11) | C29: =IF('データ'!A11="","",'データ'!C11) | D29: =IF('データ'!A11="","",'データ'!D11) | E29: =IF('データ'!A11="","",'データ'!E11) | F29: =IF('データ'!A11="","",'データ'!F11) | G29: =IF('データ'!A11="","",SUM($E$20:E29)-SUM($F$20:F29))
B30: =IF('データ'!A12="","",'データ'!A12) | C30: =IF('データ'!A12="","",'データ'!C12) | D30: =IF('データ'!A12="","",'データ'!D12) | E30: =IF('データ'!A12="","",'データ'!E12) | F30: =IF('データ'!A12="","",'データ'!F12) | G30: =IF('データ'!A12="","",SUM($E$20:E30)-SUM($F$20:F30))
B31: =IF('データ'!A13="","",'データ'!A13) | C31: =IF('データ'!A13="","",'データ'!C13) | D31: =IF('データ'!A13="","",'データ'!D13) | E31: =IF('データ'!A13="","",'データ'!E13) | F31: =IF('データ'!A13="","",'データ'!F13) | G31: =IF('データ'!A13="","",SUM($E$20:E31)-SUM($F$20:F31))
... B44: =IF('データ'!A26="","",'データ'!A26) | C44: =IF('データ'!A26="","",'データ'!C26) | D44: =IF('データ'!A26="","",'データ'!D26) | E44: =IF('データ'!A26="","",'データ'!E26) | F44: =IF('データ'!A26="","",'データ'!F26) | G44: =IF('データ'!A26="","",SUM($E$20:E44)-SUM($F$20:F44))
B45: 期間合計 | E45: =SUM(E20:E44) | F45: =SUM(F20:F44)
B46: 期末残高 | E46: =IF(ROUND(E45-F45,2)>0,"借方残高 — 相手先が当社に支払う義務あり",IF(ROUND(E45-F45,2)<0,"貸方残高 — 当社が相手先に支払う義務あり","勘定終了 — 残高ゼロ")) | G46: =ABS(E45-F45)
B48: 上記の明細は、記載の期間について当社の帳簿に基づいて作成しています。貴社の記録とご照合のうえ、相違がある場合は差異が生じた日付以降をお知らせください。本書は勘定の取引明細であり、それ自体が支払請求書、催告書、強制執行手続の書類となるものではありません。
B50: 発行会社 — 社印 / 署名 | E50: 受領者 / 承認者 — 社印 / 署名
B56: 明細書を毎回手作業で作る代わりにワンクリックで — Ofisx 売掛・買掛管理 →

Sheet データ
A1: 日付 | B1: 伝票種別 | C1: 伝票番号 | D1: 摘要 | E1: 借方 (₺) | F1: 貸方 (₺) | G1: 残高 (₺) | H1: 支払期日 | I1: 期日状況 | J1: 備考
A2: 46204 | B2: 期首繰越 | C2: — | D2: 期首の繰越残高 | E2: 24500 | G2: ==IF(A2="","",SUM($E$2:E2)-SUM($F$2:F2)) | I2: ==IF(A2="","",IF(OR(H2="",E2=""),"",IF(TODAY()>H2,"期限超過","期限内"))) | J2: 6月末の締め残高。
A3: 46207 | B3: 請求書 | C3: FTR-2026-1180 | D3: 7月出荷分 — 乾物食品 | E3: 38750 | G3: ==IF(A3="","",SUM($E$2:E3)-SUM($F$2:F3)) | H3: 46237 | I3: ==IF(A3="","",IF(OR(H3="",E3=""),"",IF(TODAY()>H3,"期限超過","期限内"))) | J3: 支払期日30日。
A4: 46214 | B4: 入金 | C4: THS-0442 | D4: 銀行振込 — 繰越残高に充当 | F4: 24500 | G4: ==IF(A4="","",SUM($E$2:E4)-SUM($F$2:F4)) | I4: ==IF(A4="","",IF(OR(H4="",E4=""),"",IF(TODAY()>H4,"期限超過","期限内")))
A5: 46221 | B5: 請求書 | C5: FTR-2026-1227 | D5: 梱包資材 | E5: 16400 | G5: ==IF(A5="","",SUM($E$2:E5)-SUM($F$2:F5)) | H5: 46251 | I5: ==IF(A5="","",IF(OR(H5="",E5=""),"",IF(TODAY()>H5,"期限超過","期限内"))) | J5: 支払期日30日。
A6: 46226 | B6: 返品 | C6: IAD-0091 | D6: 破損12ケースの返品 — FTR-2026-1180 | F6: 3180 | G6: ==IF(A6="","",SUM($E$2:E6)-SUM($F$2:F6)) | I6: ==IF(A6="","",IF(OR(H6="",E6=""),"",IF(TODAY()>H6,"期限超過","期限内"))) | J6: 返品の請求書を発行済み。
A7: 46232 | B7: 小切手 | C7: CEK-8837 | D7: 顧客小切手の受領 — 期日 30.09.2026 | F7: 30000 | G7: ==IF(A7="","",SUM($E$2:E7)-SUM($F$2:F7)) | I7: ==IF(A7="","",IF(OR(H7="",E7=""),"",IF(TODAY()>H7,"期限超過","期限内"))) | J7: 小切手が決済されるまで残高から差し引き。
A8: 46239 | B8: 請求書 | C8: FTR-2026-1302 | D8: 8月出荷分 — 乾物食品 | E8: 41250 | G8: ==IF(A8="","",SUM($E$2:E8)-SUM($F$2:F8)) | H8: 46269 | I8: ==IF(A8="","",IF(OR(H8="",E8=""),"",IF(TODAY()>H8,"期限超過","期限内"))) | J8: 支払期日30日。
A9: 46248 | B9: 延滞利息 | C9: VDF-0017 | D9: 延滞残高に適用した延滞利息 | E9: 1870 | G9: ==IF(A9="","",SUM($E$2:E9)-SUM($F$2:F9)) | I9: ==IF(A9="","",IF(OR(H9="",E9=""),"",IF(TODAY()>H9,"期限超過","期限内"))) | J9: 契約上の月利に基づく。
G10: ==IF(A10="","",SUM($E$2:E10)-SUM($F$2:F10)) | I10: ==IF(A10="","",IF(OR(H10="",E10=""),"",IF(TODAY()>H10,"期限超過","期限内")))
G11: ==IF(A11="","",SUM($E$2:E11)-SUM($F$2:F11)) | I11: ==IF(A11="","",IF(OR(H11="",E11=""),"",IF(TODAY()>H11,"期限超過","期限内")))
G12: ==IF(A12="","",SUM($E$2:E12)-SUM($F$2:F12)) | I12: ==IF(A12="","",IF(OR(H12="",E12=""),"",IF(TODAY()>H12,"期限超過","期限内")))
G13: ==IF(A13="","",SUM($E$2:E13)-SUM($F$2:F13)) | I13: ==IF(A13="","",IF(OR(H13="",E13=""),"",IF(TODAY()>H13,"期限超過","期限内")))
G14: ==IF(A14="","",SUM($E$2:E14)-SUM($F$2:F14)) | I14: ==IF(A14="","",IF(OR(H14="",E14=""),"",IF(TODAY()>H14,"期限超過","期限内")))
G15: ==IF(A15="","",SUM($E$2:E15)-SUM($F$2:F15)) | I15: ==IF(A15="","",IF(OR(H15="",E15=""),"",IF(TODAY()>H15,"期限超過","期限内")))
G16: ==IF(A16="","",SUM($E$2:E16)-SUM($F$2:F16)) | I16: ==IF(A16="","",IF(OR(H16="",E16=""),"",IF(TODAY()>H16,"期限超過","期限内")))
G17: ==IF(A17="","",SUM($E$2:E17)-SUM($F$2:F17)) | I17: ==IF(A17="","",IF(OR(H17="",E17=""),"",IF(TODAY()>H17,"期限超過","期限内")))
G18: ==IF(A18="","",SUM($E$2:E18)-SUM($F$2:F18)) | I18: ==IF(A18="","",IF(OR(H18="",E18=""),"",IF(TODAY()>H18,"期限超過","期限内")))
G19: ==IF(A19="","",SUM($E$2:E19)-SUM($F$2:F19)) | I19: ==IF(A19="","",IF(OR(H19="",E19=""),"",IF(TODAY()>H19,"期限超過","期限内")))
G20: ==IF(A20="","",SUM($E$2:E20)-SUM($F$2:F20)) | I20: ==IF(A20="","",IF(OR(H20="",E20=""),"",IF(TODAY()>H20,"期限超過","期限内")))
G21: ==IF(A21="","",SUM($E$2:E21)-SUM($F$2:F21)) | I21: ==IF(A21="","",IF(OR(H21="",E21=""),"",IF(TODAY()>H21,"期限超過","期限内")))
... G300: ==IF(A300="","",SUM($E$2:E300)-SUM($F$2:F300)) | I300: ==IF(A300="","",IF(OR(H300="",E300=""),"",IF(TODAY()>H300,"期限超過","期限内")))

Sheet サマリー
B2: 取引先勘定明細書の例
B3: 無料Excelテンプレート · stokexcel.com
B5: サマリー | E5: 使い方
B6: 取引件数 | C6: =COUNTA('データ'!A2:A300) | E6: 1. 「データ」シートに取引を日付順に入力します。1行目は期首の繰越残高で、借方列に入力します。
B7: 期間の借方合計 | C7: =SUM('データ'!E2:E300) | E7: 2. 売上や諸経費の伝票は借方列、入金や返品は貸方列に入力します。残高列が累計残高を自動計算します。
B8: 期間の貸方合計 | C8: =SUM('データ'!F2:F300) | E8: 3. 期日のある請求書は支払期日を入力します。期日を過ぎた行は「期限超過」と表示され赤くなります。
B9: 期末残高 | C9: =SUM('データ'!E2:E300)-SUM('データ'!F2:F300) | E9: 4. 「取引先明細」シートは最初の25件を伝票形式で表示します。会社情報を一度入力すれば明細は自動で埋まります。
B10: 残高の区分 | C10: =IF(ROUND(SUM('データ'!E2:E300)-SUM('データ'!F2:F300),2)>0,"借方",IF(ROUND(SUM('データ'!E2:E300)-SUM('データ'!F2:F300),2)<0,"貸方","終了")) | E10: 5. 明細書を印刷するか、PDFで保存して顧客に送付します。ページはA4縦1枚に収まるよう設定済みです。
B11: 期限超過の伝票数 | C11: =COUNTIF('データ'!I2:I300,"期限超過")
B12: 期限超過の伝票金額 | C12: =SUMIF('データ'!I2:I300,"期限超過",'データ'!E2:E300) | E12: Excelでは足りなくなったら: Ofisxでクラウド、スマホ、自動化 →

Sheet リスト
A1: 伝票種別
A2: 期首繰越
A3: 請求書
A4: 納品書
A5: 入金
A6: 支払
A7: 小切手
A8: 約束手形
A9: 返品
A10: 延滞利息
A11: 値引
A12: その他
